 Dungeon Crawl Stone Soup version 0.18.1-48-g4cf74bf (webtiles) character file.

172 theElss the Conjurer (level 5, -7/31 HPs)
             Began as a High Elf Conjurer on July 15, 2016.
             Killed from afar by an orc wizard (9 damage)
             ... with a puff of flame
             ... on level 2 of the Dungeon.
             The game lasted 00:08:59 (2747 turns).

theElss the Conjurer (High Elf Conjurer)            Turns: 2747, Time: 00:08:59

Health: -7/31      AC:  4    Str:  7    XL:     5   Next: 27%
Magic:  0/11       EV: 13    Int: 20    God:
Gold:   125        SH:  0    Dex: 15    Spells: 3 memorised, 4 levels left

rFire  . . .     SeeInvis .     (no weapon)
rCold  . . .     Gourm    .     j - +2 robe
rNeg   . . .     Faith    .     (no shield)
rPois  .         Spirit   .     (no helmet)
rElec  .         Dismiss  .     (no cloak)
rCorr  .         Reflect  .     (no gloves)
SustAt .         Harm     .     (no boots)
MR     .....                    (no amulet)
Stlth  ++........               (no ring)
                                (no ring)

@: not resistant to hostile enchantments, unstealthy
A: no striking features
a: no special abilities


You were on level 2 of the Dungeon.
You were hungry.

You visited 1 branch of the dungeon, and saw 3 of its levels.

You collected 125 gold pieces.

Inventory:

Armour
 a - a +0 robe
 j - a +2 robe (worn)
Scrolls
 h - a scroll of random uselessness {unknown}
 l - a scroll of recharging {unknown}
Potions
 d - a potion of might {unknown}
 e - 2 potions of magic {unknown}
 f - a potion of lignification {unknown}
 i - a potion of agility {unknown}
 k - a potion of curing
Books
 b - a book of Conjurations

   Spells                             Type                      Level
   a - Magic Dart                     Conjuration                  1
   b - Searing Ray                    Conjuration                  2
   c - Dazzling Spray                 Conjuration/Hexes            3
   d - Fulminant Prism                Conjuration/Hexes            4
   e - Iskenderun's Mystic Blast      Conjuration                  4
   f - Iskenderun's Battlesphere      Conjuration/Charms           5
Comestibles
 c - a bread ration
 g - a meat ration


   Skills:
 + Level 3.1 Dodging
 - Level 2.1 Stealth
 + Level 3.7 Spellcasting
 + Level 6.2 Conjurations


You had 4 spell levels left.
You knew the following spells:

 Your Spells              Type           Power        Failure   Level  Hunger
a - Magic Dart            Conj           ####         1%          1    None
c - Searing Ray           Conj           ####..       1%          2    ##.....
d - Iskenderun's Mystic   Conj           ####....     12%         4    ####...


Dungeon Overview and Level Annotations

Branches:
Dungeon (3/15)

Altars:
Fedhas
Okawaru
Pakellas
Qazlal


Message History

* * * LOW HITPOINT WARNING * * *
You closely miss the orc wizard.
The orc wizard is severely wounded.
The orc wizard hits you with a dagger.
* * * LOW HITPOINT WARNING * * *
The orc wizard barely misses you.
You hit the orc wizard but do no damage.
The orc wizard is severely wounded.
The orc wizard closely misses you.
Casting: Magic Dart
Confirm with . or Enter, or press ? or * to list all spells.
Aiming: Magic Dart
Press: ? - help, Shift-Dir - straight line, f/p - orc wizard
Aim: an orc wizard, wielding a dagger and wearing a robe (severely wounded, fast)
The magic dart hits the orc wizard.
The orc wizard is severely wounded.
The orc wizard misses you.
The orc wizard gestures at you while chanting.
The puff of flame hits you!
You die...

#.##.#######..#.##....#
#.#..... #..#.#
##.#.##....# #...._..
##.#.# #.#.#######
###..... #..#.# #.#.#
#§...§ #.##.# #...#
###.## #.##.# #...#
#... #.##.# #...#####
#### #..#.# ##.......#
##.#.# #...@..).#
#..#.# #...o....#
#.##.# #........#
#.##.# ##########
##.##.# #.....# #.....#
#.....# #.....#


You could see an orc wizard.

Vanquished Creatures
  Jessica (D:2)
  Ijyb (D:2)
  4 adders (D:2)
  A gnoll (D:2)
  An ooze (D:2)
  A worm (D:3)
  A dart slug (D:2)
  3 giant geckos
  5 orcs
  4 bats
  3 giant cockroaches
  10 goblins
  5 hobgoblins
  3 jackals (D:2)
  8 kobolds
  A quokka (D:2)
  A ball python (D:1)
  4 giant newts (D:2)
  3 rats
60 creatures vanquished.

Notes
Turn   | Place    | Note
--------------------------------------------------------------
     0 | D:1      | theElss the High Elf Conjurer began the quest for the Orb.
     0 | D:1      | Reached XP level 1. HP: 11/11 MP: 4/4
   349 | D:1      | Reached XP level 2. HP: 17/17 MP: 1/6
   419 | D:1      | Learned a level 2 spell: Searing Ray
   944 | D:2      | Reached skill level 5 in Conjurations
   949 | D:2      | Found a stormy altar of Qazlal.
  1048 | D:2      | Reached XP level 3. HP: 21/21 MP: 3/7
  1243 | D:2      | Found an oddly glowing altar of Pakellas.
  1350 | D:2      | Found a blossoming altar of Fedhas.
  1639 | D:2      | Noticed Jessica
  1641 | D:2      | Killed Jessica
  1641 | D:2      | Reached XP level 4. HP: 27/27 MP: 6/9
  1866 | D:2      | Noticed Ijyb
  1990 | D:2      | Killed Ijyb
  1990 | D:2      | Reached skill level 6 in Conjurations
  2264 | D:2      | Reached XP level 5. HP: 31/31 MP: 7/11
  2424 | D:2      | Found an iron altar of Okawaru.
  2513 | D:3      | Learned a level 4 spell: Iskenderun's Mystic Blast
  2745 | D:2      | HP: 1/31 [orc wizard/dagger (5)]
  2747 | D:2      | Killed from afar by an orc wizard

Skill      XL: |  1  2  3  4  5 |
---------------+----------------+-----
Conjurations   | 5 6 |  6.2
Spellcasting   | 3 |  3.7
Dodging        | 3 |  3.1
Stealth        | |  2.1

Action                   |  1- 3 |  4- 6 || total
-------------------------+-------+-------++-------
Melee: Unarmed           |    11 |     9 ||    20
 Cast: Magic Dart        |    63 |    42 ||   105
       Searing Ray       |     1 |     9 ||    10
  Eat: Chunk             |     2 |     3 ||     5
Armor: Robe              |     1 |     7 ||     8
Dodge: Dodged            |     9 |    19 ||    28
